 Dungeon Crawl Stone Soup version 0.25.1-2-g60ff931df9 (webtiles) character file.

Game seed: 3785810815036174339

682 Morgweiler the Grappler (level 7, -12/55 HPs)
             Began as a Black Draconian Transmuter on Oct 17, 2020.
             Mangled by a mummy (15 damage)
             ... in an ossuary.
             The game lasted 00:11:00 (3353 turns).

Morgweiler the Grappler (DrTm)                      Turns: 3353, Time: 00:11:03

Health: -12/55     AC:  6    Str: 15    XL:     7   Next: 34%
Magic:  3/10       EV: 19    Int: 13    God:
Gold:   137        SH:  0    Dex: 16    Spells: 4/10 levels left

rFire    . . .     SeeInvis .     - Unarmed
rCold    . . .     Gourm    .   (shield currently unavailable)
rNeg     . . .     Faith    .   (armour unavailable)
rPois    x         Spirit   .   (helmet currently unavailable)
rElec    .         Reflect  .   (cloak currently unavailable)
rCorr    .         Harm     .   (gloves currently unavailable)
MR       .....                  (boots currently unavailable)
Stlth    ++........             (no amulet)
HPRegen  0.18/turn              f - +4 ring of protection
MPRegen  0.12/turn              l - ring of stealth

@: spider-form, marked, very slightly contaminated
A: tiny, (breathe lightning), unfitting armour, AC +6
a: End Transformation


You were in an ossuary.
You were very hungry.
You were a venomous arachnid creature.
You visited 1 branch of the dungeon, and saw 4 of its levels.
You also visited: Ossuary.

You collected 137 gold pieces.

Inventory:

Missiles
 a - 103 arrows
Armour
 o - a +0 cloak (melded)
Jewellery
 f - a +4 ring of protection (left front leg)
 l - a ring of stealth (right front leg)
 m - an uncursed ring of magical power
Scrolls
 d - 2 scrolls of remove curse
 e - a scroll of immolation {unknown}
 j - 2 scrolls of random uselessness
 k - a scroll of teleportation
Potions
 h - a potion of lignification {unknown}
 i - a potion of berserk rage {unknown}
 p - a potion of magic {unknown}
Comestibles
 c - 6 rations


   Skills:
 - Level 2.0 Fighting
 - Level 2.0 Dodging
 + Level 8.1 Unarmed Combat
 - Level 2.0 Spellcasting
 - Level 3.0 Transmutations


You had 4 spell levels left.
You knew the following spells:

 Your Spells              Type           Power        Failure   Level  Hunger
a - Beastly Appendage     Tmut           #.....       21%         1    ##.....
b - Sticks to Snakes      Tmut           #.......     26%         2    ###....
c - Spider Form           Tmut/Pois      #.........   61%         3    ####...

Your spell library contained the following spells:

 Spells                   Type           Power        Failure   Level  Hunger
 Ice Form                 Ice/Tmut       #.......     92%         4    #####..
 Blade Hands              Tmut           #.........   97%         5    ######.


Dungeon Overview and Level Annotations

Branches:
Dungeon (4/15)             Temple (0/1) D:4         Ossuary (1/1)

Altars:

Annotations:
D:4 Dowan, Duvessa


Innate Abilities, Weirdness & Mutations

((You can breathe wild blasts of lightning.))
((Your glossy black scales are hard. (AC +6)))
You cannot fit into any form of body armour.
((You are resistant to electric shocks. (rElec)))
((You are cold-blooded and may be slowed by cold attacks.))


Message History

You hit the mummy.
Your tail-slap misses the mummy.
The mummy is moderately damaged.
The hobgoblin zombie barely misses you.
You hit the mummy. Your headbutt misses the mummy.
The mummy is severely damaged.
Your horns disappear.
The mummy hits you but does no damage.
Casting: Beastly Appendage (safe; 8% risk of failure)
Confirm with . or Enter, or press ? or * to list all spells.
You miscast Spider Form.
You are very lightly contaminated with residual magic.
Nothing appears to happen.
The hobgoblin zombie hits you.
* * * LOW HITPOINT WARNING * * *
Casting: Spider Form (dangerous; 38% risk of failure)
Confirm with . or Enter, or press ? or * to list all spells.
You turn into a venomous arachnid creature.
Your +0 cloak melds into your body.
The hobgoblin zombie completely misses you.
The mummy hits you!
You die...

############### #####
########.#.#.#Z#s#Z#.##!!!!#
......Z....^..ZZMMZ..^^.....
Z..§.§§.......ZZZZ..........
..∩§∩§^.....^..^.(..........
..Z...§....^.....^..........
§...§.......................
########.#.#.#.#.#.#.##??!!#
############### #####


You could see 2 mummies, 2 hobgoblin zombies, 4 big kobold zombies and a centaur
zombie.

Vanquished Creatures
  Pikel (D:4)
  A centaur zombie (Ossuary)
  A worker ant (D:2)
  2 big kobold zombies (Ossuary)
  4 mummies (Ossuary)
  3 adders (D:3)
  3 worms
  2 dart slugs (D:2)
  5 bats
  A giant cockroach (D:1)
  8 goblins
  8 hobgoblins
  7 jackals
  5 kobolds
  A ball python (D:2)
  2 frilled lizards
  3 rats
57 creatures vanquished.

Vanquished Creatures (others)
  2 slaves (D:4)
  An iguana (D:4)
3 creatures vanquished.

Grand Total: 60 creatures vanquished

Notes
Turn   | Place    | Note
-------+----------+-------------------------------------------
     0 | D:1      | Morgweiler the Draconian Transmuter began the quest for the
                  | Orb.
     0 | D:1      | Reached XP level 1. HP: 16/16 MP: 3/3
   393 | D:1      | Reached XP level 2. HP: 23/23 MP: 3/5
  1208 | D:2      | Reached XP level 3. HP: 29/29 MP: 4/6
  1813 | D:2      | Learned a level 2 spell: Sticks to Snakes
  1817 | D:2      | Learned a level 3 spell: Spider Form
  1905 | D:2      | Reached XP level 4. HP: 28/36 MP: 7/7
  1986 | D:2      | Reached skill level 4 in Unarmed Combat
  3000 | D:4      | Noticed Duvessa
  3000 | D:4      | Noticed Dowan
  3005 | D:4      | Noticed Pikel
  3005 | D:4      | Noticed a slave
  3005 | D:4      | Noticed a slave
  3005 | D:4      | Noticed a slave
  3006 | D:4      | Noticed a slave
  3019 | D:4      | Killed Pikel
  3019 | D:4      | Reached skill level 7 in Unarmed Combat
  3019 | D:4      | Reached XP level 5. HP: 4/41 MP: 8/8
  3019 | D:4      | Reached XP level 6. HP: 5/48 MP: 9/9
  3019 | D:4      | Your scales start taking on a glossy black colour.
  3019 | D:4      | Reached XP level 7. HP: 6/55 MP: 10/10
  3019 | D:4      | Gained mutation: You are resistant to electric shocks.
                  | (rElec) [Black Draconian growth]
  3060 | D:4      | Found a staircase to the Ecumenical Temple.
  3095 | D:4      | Found a sand-covered staircase.
  3291 | Ossuary  | Entered an ossuary
  3342 | Ossuary  | Reached skill level 8 in Unarmed Combat
  3353 | Ossuary  | Mangled by a mummy

Illustrated notes

Levels and vault maps discovered:
D:1:      lightli_arrival_windingriver, layout_loops_ring
D:2:      layout_loops_cross, minmay_misc_feat_square
D:3:      layout_loops_corners, first_ration, grunt_ministairs_7
D:4:      layout_cave_pools, eat_drink_and_be_merry_uskayaw,
          kennysheep_little_box, minmay_temple_entry_antechambers,
          enter_ossuary_5, biasface_ghost_orc_armoury,
          nemelex_diamond_rough_becter, uniq_pikel, uniq_duvessa
Ossuary:  ossuary_the_hunt_dpeg

Skill      XL: |  1  2  3  4  5  6  7 |
---------------+----------------------+-----
Dodging        | 2 |  2.0
Fighting       | 2 |  2.0
Transmutations | 3 |  3.0
Unarmed Combat | 7 8 |  8.1
Spellcasting   | |  2.0

Action                   |  1- 3 |  4- 6 |  7- 9 || total
-------------------------+-------+-------+-------++-------
Melee: Unarmed           |   130 |    54 |    37 ||   221
       Kick              |    11 |     7 |     4 ||    22
       Tailslap          |     8 |     5 |     5 ||    18
       Headbutt          |     2 |     3 |     6 ||    11
       Punch             |     1 |       |     1 ||     2
 Cast: Beastly Appendage |    21 |    10 |     3 ||    34
       Spider Form       |     1 |     2 |     2 ||     5
  Use: Scroll            |     2 |     3 |     4 ||     9
       Potion            |     1 |       |     1 ||     2
  Eat: Chunk             |     4 |     4 |       ||     8
Armor: Skin              |    47 |    13 |    22 ||    82
Dodge: Dodged            |    94 |    39 |    45 ||   178
